AoeStats
← korosuke

Arena

509370934Analyzed
4v4 RM · 7d ago on Sep 26, 2026· 50m 3s· 8 players
Game mode
Random Map
Map size
Large (8 player)
Population
200
Speed
Normal
Resources
Standard
Victory
Conquest
Starting age
Dark Age
Ending age
Imperial Age
RankedLock teamsTeams togetherTeam positionsShared explorationLock speedFull tech treeHidden civsTurbo modeCheats
Victory
Defeat
🇺🇸 Wei · United States
977
+14
🇪🇸 Khmer · Spain
962
+15
🇹🇷 Gurjaras · Türkiye
943
+15
🇧🇷 Mongols · Brazil
916
+16
🇬🇧 Varangians · United Kingdom
942
-16
🇯🇵 Burgundians · Japan
933
-15
🇯🇵 Ethiopians · Japan
931
-15
🇺🇸 Spanish · United States
914
-14
TheDrunkenKoala
5:01 Loom
12:10 Feudal Age
12:31 Horse Collar
12:41 Double-Bit Axe
14:03 Wheelbarrow
18:33 Castle Age
17:41 Stone Mining
19:41 Bow Saw
19:45 Heavy Plow
29:46 Hand Cart
29:46 Fletching
29:59 Elite Skirmisher
31:54 Thumb Ring
31:54 Padded Archer Armor
32:46 Bodkin Arrow
37:37 Imperial Age
34:47 Pikeman
35:27 Squires
35:48 Squires
35:34 Gambesons
37:41 Ballistics
37:32 Fortified Wall
37:18 Murder Holes
37:56 Forging
43:01 Halberdier
korosuke
11:15 Feudal Age
15:40 Castle Age
14:28 Double-Bit Axe
15:09 Fletching
19:42 Bodkin Arrow
21:56 Padded Archer Armor
21:54 Elite Skirmisher
22:16 Crossbowman
26:45 Ballistics
27:56 Leather Archer Armor
30:11 Thumb Ring
33:47 Fortified Wall
34:17 Elite Skirmisher
36:09 Scale Mail Armor
36:27 Horse Collar
38:27 Chain Mail Armor
39:37 Forging
42:56 Imperial Age
42:38 Iron Casting
42:21 Gold Mining
44:01 Gold Shaft Mining
44:34 Bracer
44:27 Arbalester
46:10 Chemistry
45:20 Royal Heirs
49:31 Murder Holes
49:28 Halberdier
50:09 Squires
49:54 Arson
51:12 Blast Furnace
50:42 Plate Mail Armor
50:43 Ring Archer Armor
DOY
10:44 Feudal Age
9:08 Double-Bit Axe
15:47 Castle Age
15:45 Horse Collar
34:19 Imperial Age
32:30 Bow Saw
33:02 Wheelbarrow
32:14 Loom
36:02 Onager
41:01 Chemistry
40:15 Fletching
41:59 Burgundian Vineyards
47:37 Scale Mail Armor
47:42 Bodkin Arrow
48:00 Forging
necca
11:44 Feudal Age
13:16 Wheelbarrow
12:23 Horse Collar
12:29 Double-Bit Axe
20:09 Castle Age
19:34 Gold Mining
22:46 Hand Cart
25:08 Bow Saw
25:04 Elite Skirmisher
27:49 Husbandry
28:00 Bloodlines
28:10 Heavy Plow
28:30 Bow Saw
29:53 Loom
29:55 Town Watch
30:32 Stone Mining
35:20 Imperial Age
33:52 Ballistics
34:41 Town Patrol
35:10 Forging
35:05 Scale Barding Armor
34:51 Fletching
35:01 Padded Archer Armor
36:27 Conscription
35:28 Vendel Legacy
37:54 Crop Rotation
37:40 Fortified Wall
38:31 Chemistry
38:39 Cavalier
40:07 Pikeman
40:47 Squires
40:35 Halberdier
46:25 Bodkin Arrow
46:45 Leather Archer Armor
47:06 Iron Casting
46:31 Scale Mail Armor
46:51 Chain Barding Armor
Surfer's Gambit
1:01 Loom
11:22 Feudal Age
12:41 Wheelbarrow
11:58 Double-Bit Axe
11:54 Horse Collar
13:44 Wheelbarrow
12:55 Town Watch
13:46 Gold Mining
20:11 Castle Age
18:33 Fletching
19:29 Stone Mining
19:30 Loom
21:17 Thumb Ring
20:40 Crossbowman
22:10 Thumb Ring
24:38 Elite Skirmisher
25:38 Loom
26:49 Padded Archer Armor
29:01 Leather Archer Armor
35:43 Bow Saw
38:41 Hand Cart
39:20 Bodkin Arrow
43:03 Ballistics
42:57 Fortified Wall
42:30 Treadmill Crane
47:39 Masonry
47:55 Caravan
Danzer
12:32 Feudal Age
11:47 Loom
13:29 Horse Collar
18:20 Castle Age
17:55 Fletching
18:57 Bloodlines
19:53 Gold Mining
20:50 Double-Bit Axe
26:16 Light Cavalry
26:57 Husbandry
27:16 Forging
29:25 Scale Barding Armor
31:57 Chain Barding Armor
32:12 Iron Casting
33:10 Gold Shaft Mining
33:17 Stone Mining
33:34 Bodkin Arrow
35:50 Wheelbarrow
35:01 Town Watch
36:20 Stone Shaft Mining
38:23 Imperial Age
37:06 Heavy Plow
37:25 Hand Cart
37:11 Town Patrol
38:26 Hussar
40:11 Blast Furnace
39:46 Plate Barding Armor
39:12 Bracer
40:17 Chemistry
39:40 Ballistics
39:16 Murder Holes
39:31 Masonry
40:43 Conscription
40:21 Elite Ballista Elephant
41:07 Double Crossbow
42:36 Bow Saw
43:44 Crop Rotation
Cara do Tapinha
10:55 Feudal Age
16:30 Castle Age
14:55 Loom
15:05 Double-Bit Axe
18:57 Horse Collar
21:36 Bloodlines
24:48 Fletching
31:40 Gold Mining
33:44 Ballistics
36:34 Imperial Age
36:35 Wheelbarrow
36:37 Bodkin Arrow
36:43 Padded Archer Armor
36:47 Elite Mangudai
38:47 Bracer
40:14 Onager
42:01 Husbandry
sonsehzadee
2:30 Loom
9:47 Feudal Age
13:23 Horse Collar
18:28 Castle Age
16:35 Double-Bit Axe
16:55 Stone Mining
22:49 Wheelbarrow
26:01 Hand Cart
27:01 Husbandry
27:11 Bloodlines
29:27 Heavy Plow
34:19 Imperial Age
32:53 Bow Saw
32:36 Gold Mining
33:22 Stone Shaft Mining
33:46 Scale Barding Armor
33:51 Forging
34:41 Gold Shaft Mining
34:51 Elite Shrivamsha Rider
35:41 Kshatriyas
35:57 Conscription
36:23 Elite Shrivamsha Rider
38:36 Heavy Camel Rider
Connection lost

Rejoining the realm…

Still unreachable

The connection could not be restored.

Session expired

The server has moved on; the page needs a fresh start.